 Dungeon Crawl Stone Soup version 0.28-a0-1510-gd0f6b136d3 (webtiles) character file.

Game seed: 4727919296885937605

322 a3don the Shield-Bearer (level 6, -4/39 HPs)
             Began as a Gargoyle Fighter on Jan 16, 2022.
             Slain by Crazy Yiuf (6 damage)
             ... on level 3 of the Dungeon.
             The game lasted 00:03:34 (3019 turns).

a3don the Shield-Bearer (Gargoyle Fighter)          Turns: 3019, Time: 00:03:35

Health: -4/39      AC: 11    Str: 21    XL:     6   Next: 47%
Magic:  6/6        EV: 14    Int:  9    God:
Gold:   71         SH:  4    Dex:  9    Spells: 6/6 levels left

rFire   . . .      SeeInvis .   a - +0 flail
rCold   . . .      Faith    .   c - +0 buckler
rNeg    + . .      Spirit   .   b - +0 scale mail
rPois   ∞          Reflect  .   (no helmet)
rElec   +          Harm     .   (no cloak)
rCorr   .          Rampage  .   (no gloves)
Will    .....                   (no boots)
Stlth   ..........              (no amulet)
HPRegen 0.13/turn               (no ring)
MPRegen 0.10/turn               (no ring)

@: agile
A: sickness immunity, AC +4, negative energy resistance 1, electricity
resistance, torment resistance 1, petrification resistance
a: no special abilities


You were on level 3 of the Dungeon.
You visited 1 branch of the dungeon, and saw 3 of its levels.

You collected 71 gold pieces.

Inventory:

Hand Weapons
 a - a +0 flail (weapon)
Missiles
 e - 6 javelins (quivered)
 m - 7 poisoned darts
Armour
 b - a +0 scale mail (worn)
 c - a +0 buckler (worn)
Scrolls
 i - 2 scrolls of identify {unknown}
 j - a scroll of teleportation {unknown}
 k - 2 scrolls of blinking {unknown}
 l - a scroll of fear {unknown}
Potions
 d - a potion of might
 f - a potion of haste {unknown}
 g - a potion of curing {unknown}
 h - a potion of cancellation {unknown}
 n - a potion of brilliance {unknown}


   Skills:
 + Level 4.5 Fighting
 * Level 4.3 Maces & Flails
 + Level 4.4 Armour
 + Level 4.5 Shields
 - Level 0.5 Spellcasting


You had 6 spell levels left.
You didn't know any spells.
Your spell library was empty.

Dungeon Overview and Level Annotations

Branches:
Dungeon (3/15)

Altars:
Xom

Annotations:
D:3 Crazy Yiuf


Innate Abilities, Weirdness & Mutations

You are immune to sickness and miasma.
Your stone body is resilient. (AC +4)
You are immune to poison.
You resist negative energy. (rN+)
You are resistant to electric shocks. (rElec)
You are resistant to unholy torment.
You are immune to petrification.


Message History

The floor.
Sorry, you're not good enough to have a special ability.
Unknown command.
Sorry, you're not good enough to have a special ability.
You open the door.
Crazy Yiuf says, "East snockshim light!"
You hit Crazy Yiuf.
Crazy Yiuf is moderately wounded.
Crazy Yiuf hits you with a +3 quarterstaff of chaos.
You hit Crazy Yiuf.
Crazy Yiuf is moderately wounded.
You block Crazy Yiuf's attack.
You barely miss Crazy Yiuf.
Crazy Yiuf is moderately wounded.
Crazy Yiuf hits you with a +3 quarterstaff of chaos.
Space warps horribly around you! You block Crazy Yiuf's attack.
You closely miss Crazy Yiuf.
Crazy Yiuf is moderately wounded.
You block Crazy Yiuf's attack.
You closely miss Crazy Yiuf.
Crazy Yiuf is moderately wounded.
Crazy Yiuf grits, "Dawk infinity ena!"
Crazy Yiuf hits you with a +3 quarterstaff of chaos!
You feel agile all of a sudden.
You barely miss Crazy Yiuf.
Crazy Yiuf is moderately wounded.
Crazy Yiuf hits you but does no damage.
You closely miss Crazy Yiuf.
Crazy Yiuf is moderately wounded.
Crazy Yiuf hits you with a +3 quarterstaff of chaos!
* * * LOW HITPOINT WARNING * * *
Crazy Yiuf freezes you.
* * * LOW HITPOINT WARNING * * *
You hit Crazy Yiuf but do no damage.
Crazy Yiuf is moderately wounded.
Crazy Yiuf hits you but does no damage.
You hit Crazy Yiuf.
Crazy Yiuf is heavily wounded.
Crazy Yiuf hits you with a +3 quarterstaff of chaos.
You die...

#.#.#.###..# #.##.#
##.......#.########.....
##.#.#.##..............
#############........#
#####..... #..#.# ####♣♣
### #..#). ##.#.P♣♣
♣♣#..)# #..#..
#......♣♣♣♣@g...# #..#.#
#....P..♣..♣#...# #..#.#
#.##...♣.♣♣♣ ###
#####..#.# #.###♣♣♣♣♣
#......#.# #.#
#####..#.. #.########
#...##. #...##...#
#._.... ###.##...#
#...... #.##...# #####..


You could see Crazy Yiuf.

Vanquished Creatures
  Sigmund (D:3)
  Natasha (thrice) (D:3)
  2 adders
  A worm (D:2)
  5 dart slugs
  3 orcs (D:3)
  3 bats
  5 endoplasms
  4 giant cockroaches
  8 goblins
  6 hobgoblins
  2 jackals (D:1)
  3 kobolds
  4 ball pythons
  5 frilled lizards
  5 rats
60 creatures vanquished.

Vanquished Creatures (others)
  A fungus (D:3)
1 creature vanquished.

Grand Total: 61 creatures vanquished

Notes
Turn   | Place    | Note
-------+----------+-------------------------------------------
     0 | D:1      | a3don the Gargoyle Fighter began the quest for the Orb.
     0 | D:1      | Reached XP level 1. HP: 14/14 MP: 1/1
   260 | D:1      | Reached XP level 2. HP: 3/19 MP: 2/2
   626 | D:1      | Found a faded altar of an unknown god.
   666 | D:1      | Reached XP level 3. HP: 22/23 MP: 3/3
  1484 | D:2      | Reached XP level 4. HP: 29/29 MP: 4/4
  1854 | D:3      | Noticed Sigmund
  1882 | D:3      | Killed Sigmund
  1883 | D:3      | Reached XP level 5. HP: 5/34 MP: 5/5
  1883 | D:3      | Reached XP level 6. HP: 5/39 MP: 6/6
  2190 | D:3      | Noticed Natasha
  2197 | D:3      | Killed Natasha
  2489 | D:3      | Found a shimmering altar of Xom.
  2607 | D:3      | Noticed Natasha
  2623 | D:3      | Killed Natasha
  2711 | D:3      | Found a runed translucent door.
  2712 | D:3      | Noticed Crazy Yiuf
  2879 | D:3      | Noticed Natasha
  2887 | D:3      | Killed Natasha
  3019 | D:3      | Slain by Crazy Yiuf

Illustrated notes

Levels and vault maps discovered:
D:1:      minmay_arrival_widening_spiral_wide, layout_basic,
          hellmonk_ecumenical_altar_leap_of_faith, st_stairs_11
D:2:      minmay_skewed_foursquare, layout_loops_cross
D:3:      layout_loops_ring, xom_butterflies, grunt_decor_mini_mirrors,
          uniq_natasha, uniq_sigmund, uniq_crazy_yiuf_cottage

Skill      XL: |  1  2  3  4 |
---------------+-------------+-----
Maces & Flails | 4 |  4.3
Fighting       | 4 |  4.5
Armour         | 4 |  4.4
Shields        | 4 |  4.5
Spellcasting   | |  0.5

Action                   |  1- 3 |  4- 6 || total
-------------------------+-------+-------++-------
Melee: Flail             |    92 |   116 ||   208
Armor: Scale mail        |    56 |    53 ||   109
Dodge: Dodged            |    40 |    38 ||    78
Block: Buckler           |    18 |    29 ||    47

Table legend: (Time is in decaauts)
 A = Elapsed time spent in this place.
 B = Non-inter-level travel time spent in this place.
 C = Inter-level travel time spent in this place.
 D = Time resting spent in this place.
 E = Time spent auto-exploring this place.
 F = Levels seen in this place.
 G = Mean time per level.
                   A        B        C        D        E       F      G
               +--------+--------+--------+--------+--------+-----+--------+
         Total |   3096 |   3007 |     89 |    568 |   1937 |   3 | 1032.0 |
       Dungeon |   3096 |   3007 |     89 |    568 |   1937 |   3 | 1032.0 |
               +--------+--------+--------+--------+--------+-----+--------+

Top non-repeatable levels by time:
     D:3: 1233 daAuts
     D:1: 1047 daAuts
     D:2: 815 daAuts
